 Dungeon Crawl Stone Soup version 0.23-a0-375-g66a18ee (webtiles) character file.

48 Garbasso the Caller (level 3, -2/24 HPs)
             Began as a Mummy Summoner on Oct 26, 2018.
             Slain by a hobgoblin
             ... wielding a +0 club
              (4 damage)
             ... on level 2 of the Dungeon.
             The game lasted 00:06:42 (2864 turns).

Garbasso the Caller (Mummy Summoner)                Turns: 2864, Time: 00:06:43

Health: -2/24      AC:  2    Str: 11    XL:     3   Next: 50%
Magic:  4/8        EV: 12    Int: 15    God:
Gold:   93         SH:  0    Dex: 12    Spells: 3/9 levels left

rFire    x . .     SeeInvis .   d - +0 dagger
rCold    + . .     Gourm    .   (no shield)
rNeg     + + +     Faith    .   a - +0 robe
rPois    ∞         Spirit   .   (no helmet)
rElec    .         Reflect  .   (no cloak)
rCorr    .         Harm     .   (no gloves)
MR       .....                  (no boots)
Stlth    ++........             (no amulet)
HPRegen  0.08/turn              (no ring)
MPRegen  0.11/turn              (no ring)

@: no status effects
A: no food or potions, fire vulnerability, cold resistance 1, negative energy
resistance 3, torment resistance, unbreathing
a: no special abilities


You were on level 2 of the Dungeon.
You were not hungry.

You visited 1 branch of the dungeon, and saw 3 of its levels.

You collected 93 gold pieces.

Inventory:

Hand Weapons
 d - a +0 dagger (weapon)
Missiles
 e - a throwing net {=f}
Armour
 a - a +0 robe (worn)
Scrolls
 b - 3 scrolls of amnesia {unknown}
 c - a scroll of teleportation {unknown}
 f - 4 scrolls of remove curse {unknown}


   Skills:
 - Level 1.5 Dodging
 - Level 1.5 Stealth
 + Level 3.5 Spellcasting
 * Level 4.0 Summonings


You had 3 spell levels left.
You knew the following spells:

 Your Spells              Type           Power        Failure   Level  Hunger
a - Summon Small Mammal   Summ           ##..         3%          1    N/A
b - Call Imp              Summ           ##......     5%          2    N/A
c - Call Canine Familiar  Summ           ##......     11%         3    N/A

Your spell library contained the following spells:

 Spells                   Type           Power        Failure   Level  Hunger
 Summon Guardian Golem    Hex/Summ       #.......     24%         3    N/A
 Summon Ice Beast         Ice/Summ       #.......     63%         4    N/A
 Summon Lightning Spire   Summ/Air       #.......     63%         4    N/A

Dungeon Overview and Level Annotations

Branches:
Dungeon (3/15)

Altars:


Innate Abilities, Weirdness & Mutations

You do not eat or drink.
Your flesh is vulnerable to fire.
You are immune to poison.
Your flesh is cold resistant. (rC+)
You are immune to negative energy. (rN+++)
You are immune to unholy pain and torment.
You can survive without breathing.


Message History

The orc wizard hits you with a +0 dagger.
The orc wizard barely misses you.
You climb upwards.
There is a stone staircase leading down here.
Casting: Call Imp (safe; 5% risk of failure)
Confirm with . or Enter, or press ? or * to list all spells.
A beastly little devil appears in a puff of frigid air.
The orc wizard casts a spell at you. The puff of flame hits you!
The fire burns you terribly!
The orc wizard hits you but does no damage.
The hobgoblin hits you with a +0 club.
Casting: Call Imp (safe; 5% risk of failure)
Confirm with . or Enter, or press ? or * to list all spells.
A beastly little devil appears in a puff of flame.
The orc wizard hits you but does no damage.
The orc wizard gestures at you while chanting.
The magic dart hits you!
* * * LOW HITPOINT WARNING * * *
The hobgoblin hits you with a +0 club.
You die...

#...................
###.############....
#.# #.... #.#
#####.... #.#
#........ #.#
#........ #.#
#........
#g########........
#@o5..............
##o#.##.....######
#5#.#......# #
#.#.#......# #
#.#.#......#
#.#.#..#.########
#.#.#..#.........
#.#.#..#########.
#.#.#......# #.


You could see 2 orc wizards, a hobgoblin, a friendly crimson imp and a friendly
white imp.

Vanquished Creatures
  An orc (D:3)
  2 giant cockroaches
  A goblin (D:2)
  3 hobgoblins
  2 bats (D:1)
  2 frilled lizards (D:2)
  2 kobolds (D:1)
  3 rats
16 creatures vanquished.

Vanquished Creatures (collateral kills)
  2 adders (D:2)
  An orc (D:3)
  5 goblins
  8 hobgoblins
  A kobold (D:1)
  A ball python (D:2)
  6 bats
  2 frilled lizards (D:1)
  4 rats
30 creatures vanquished.

Grand Total: 46 creatures vanquished

Notes
Turn   | Place    | Note
-------+----------+-------------------------------------------
     0 | D:1      | Garbasso the Mummy Summoner began the quest for the Orb.
     0 | D:1      | Reached XP level 1. HP: 13/13 MP: 4/4
   501 | D:1      | Reached XP level 2. HP: 14/19 MP: 0/6
   507 | D:1      | Learned a level 2 spell: Call Imp
  1655 | D:2      | Reached XP level 3. HP: 24/24 MP: 2/7
  1660 | D:2      | Learned a level 3 spell: Call Canine Familiar
  2181 | D:2      | Reached skill level 4 in Summonings
  2864 | D:2      | Slain by a hobgoblin

Vault maps used:
D:1:      eino_arrival_druids_welcome
D:3:      nicolae_qazlal_general_emergency, minitemple

Skill      XL: |  1  2  3 |
---------------+----------+-----
Spellcasting   | 3 |  3.5
Summonings     | 4 |  4.0
Dodging        | |  1.5
Stealth        | |  1.5

Action                   || total
-------------------------++-------
Melee: Unarmed           ||    13
       Short sword       ||     4
       Dagger            ||    62
 Cast: Summon Small Mamm ||    32
       Call Imp          ||    31
       Call Canine Famil ||     3
 Stab: Distracted        ||     1
       Sleeping          ||     2
Armor: Robe              ||    29
Dodge: Dodged            ||    56

Table legend:
 A = Non-vault XP
 B = Vault XP
 C = Vault XP percentage of total XP
 D = Non-vault monster count
 E = Vault monster count
 F = Vault count percentage of total count
                 A         B        C        D         E       F
            +---------+---------+-------+---------+---------+-------
      Total |      69 |       0 |   0.0 |      46 |       0 |   0.0
            +---------+---------+-------+---------+---------+-------
        D:1 |      27 |       0 |   0.0 |      23 |       0 |   0.0
        D:2 |      36 |       0 |   0.0 |      20 |       0 |   0.0
        D:3 |       6 |       0 |   0.0 |       3 |       0 |   0.0
            +---------+---------+-------+---------+---------+-------
